 Dungeon Crawl Stone Soup version 0.21.1-1-g345015f (webtiles) character file.

185 Nero42 the Skirmisher (level 5, 0/47 HPs)
             Began as a Hill Orc Fighter on Feb 28, 2018.
             Was an Initiate of the Shining One.
             Succumbed to an adder's poison
             ... on level 4 of the Dungeon.
             The game lasted 00:12:21 (1229 turns).

Nero42 the Skirmisher (Hill Orc Fighter)            Turns: 1229, Time: 00:12:22

Health: 0/47       AC:  7    Str: 20    XL:     5   Next: 64%
Magic:  5/5        EV:  7    Int:  8    God:    the Shining One [......]
Gold:   76         SH:  9    Dex: 10    Spells: 4/4 levels left

rFire    . . .     SeeInvis .   a - +0 long sword
rCold    . . .     Gourm    .   c - +0 shield
rNeg     . . .     Faith    .   b - +0 scale mail
rPois    .         Spirit   .   (no helmet)
rElec    .         Reflect  .   (no cloak)
rCorr    .         Harm     .   (no gloves)
MR       .....                  (no boots)
Stlth    ..........             (no amulet)
HPRegen  0.15/turn              (no ring)
MPRegen  0.09/turn              (no ring)

@: lethally poisoned (0 -> -3), glowing
A: no striking features
a: Renounce Religion


You were on level 4 of the Dungeon.
You worshipped the Shining One.
The Shining One was noncommittal.
You were very hungry.

You visited 1 branch of the dungeon, and saw 4 of its levels.

You collected 76 gold pieces.

Inventory:

Hand Weapons
 a - a +0 long sword (weapon)
 j - a +2 quarterstaff of chaos
Armour
 b - a +0 scale mail (worn)
 c - a +0 shield (worn)
 h - a +0 ring mail
 k - a +1 cloak
 l - a cursed -1 chain mail
Scrolls
 i - a scroll of enchant armour {unknown}
Potions
 d - a potion of might
 m - a potion of lignification {unknown}
Comestibles
 f - 3 rations


   Skills:
 + Level 4.4 Fighting
 + Level 4.2 Long Blades
 + Level 4.1 Armour
 + Level 0.9 Dodging
 + Level 4.1 Shields


You had 4 spell levels left.
You didn't know any spells.

Dungeon Overview and Level Annotations

Branches:
Dungeon (4/15)
 Temple: D:4-7

Altars:
Ashenzari
Sif Muna
The Shining One

Portals:
Sewer: D:3


Message History

The adder bites you but does no damage. You block the orc's attack.
You closely miss the adder. The adder barely misses you.
The orc hits you but does no damage. You block the adder's attack.
You hit the adder.
The adder is lightly wounded.
The adder bites you.
* * * LOW HITPOINT WARNING * * *
The orc hits you from afar with a trident.
* * * LOW HITPOINT WARNING * * *
You hit the adder.
The adder is severely wounded.
The adder barely misses you. You block the orc's attack. The adder bites you.
* * * LOW HITPOINT WARNING * * *
You are lethally poisoned!
The adder poisons you!
You hit the adder.
You kill the adder!
* * * LOW HITPOINT WARNING * * *
You feel sick. You block the orc's attack.
You die...

## #######
...#.....##
..........##
...........#
.....o..@..#
...........#
............#
...............
..........#####
..[#.....##
##########


You could see an orc.

Vanquished Creatures
  Crazy Yiuf (D:3)
  Ijyb (D:3)
  An orc wizard (D:3)
  2 gnolls (D:4)
  4 adders
  A worm (D:3)
  A dart slug (D:1)
  3 leopard geckos (D:3)
  4 orcs (D:3)
  7 bats
  2 giant cockroaches (D:3)
  5 hobgoblins
  A ball python (D:2)
  2 frilled lizards
  4 kobolds
  5 rats
44 creatures vanquished.

Notes
Turn   | Place    | Note
-------+----------+-------------------------------------------
     0 | D:1      | Nero42 the Hill Orc Fighter began the quest for the Orb.
     0 | D:1      | Reached XP level 1. HP: 19/19 MP: 1/1
   208 | D:1      | Reached XP level 2. HP: 21/27 MP: 2/2
   322 | D:2      | Found a deep blue altar of Sif Muna.
   366 | D:2      | Reached XP level 3. HP: 30/33 MP: 3/3
   490 | D:2      | Found a glowing golden altar of the Shining One.
   501 | D:2      | Became a worshipper of the Shining One
   599 | D:3      | Found a glowing drain.
   668 | D:3      | Found a runed door.
   672 | D:3      | Noticed Crazy Yiuf
   684 | D:3      | Killed Crazy Yiuf
   684 | D:3      | Reached XP level 4. HP: 14/40 MP: 2/4
   959 | D:3      | Noticed Ijyb
   960 | D:3      | Paralysed by Ijyb for 6 turns
   978 | D:3      | Paralysed by Ijyb for 6 turns
   988 | D:3      | Paralysed by Ijyb for 4 turns
  1005 | D:3      | Killed Ijyb
  1031 | D:3      | Found a shattered altar of Ashenzari.
  1062 | D:3      | Reached XP level 5. HP: 42/46 MP: 5/5
  1227 | D:4      | HP: 2/47 [adder (4)]
  1229 | D:4      | Succumbed to an adder's poison

Skill      XL: |  1  2  3  4  5 |
---------------+----------------+-----
Fighting       | 4 |  4.4
Long Blades    | 3 4 |  4.2
Armour         | 4 |  4.1
Shields        | 4 |  4.1
Dodging        | |  0.9

Action                   |  1- 3 |  4- 6 || total
-------------------------+-------+-------++-------
Melee: Long sword        |    88 |    86 ||   174
  Use: Scroll            |     1 |     3 ||     4
Armor: Scale mail        |    56 |    46 ||   102
Dodge: Dodged            |    23 |    32 ||    55
Block: Shield            |    56 |    54 ||   110
       Rpst.: Long sword |     6 |     8 ||    14
